TOP OF THE 1ST |
Winnipeg Goldeyes batting - Pitching for York Revolution : LHP Dave Serna
|
Pitching: LHP Dave Serna
|
|
Batting: RHB Mike Berzins
|
0-0: Ball 1-0: Called Strike 1-1: Fly out, F9 (Flyball, 9D, EV 104.4 MPH)
|
Batting: RHB Settan Nakamura
|
0-0: Foul Ball, location: 2F 0-1: Called Strike 0-2: Fly out, F8 (Flyball, 8LS, EV 90.0 MPH)
|
Batting: SHB Victor Turrubiate
|
0-0: Called Strike 0-1: Ball 1-1: Swinging Strike 1-2: Foul Ball, location: 2F 1-2: Foul Ball, location: 2F 1-2: Foul Ball, location: 2F 1-2: Fly out, F4 (Popup, 4S, EV 81.2 MPH)
|
Top of the 1st over - 0 runs, 0 hits, 0 errors, 0 left on base; Winnipeg 0 - York 0 |
BOTTOM OF THE 1ST |
York Revolution batting - Pitching for Winnipeg Goldeyes : RHP Brian Waldrip
|
Pitching: RHP Brian Waldrip
|
|
Batting: LHB Mike Hawk
|
0-0: Fly out, F7 (Flyball, 7D, EV 91.2 MPH)
|
Batting: RHB Teh-huai Jiang
|
0-0: Ball 1-0: SINGLE (Groundball, 56D, EV 107.5 MPH)
|
Batting: RHB Eddie Serna
|
0-0: Ball Wild Pitch! Teh-huai Jiang to second 1-0: Foul Ball, location: 2F 1-1: Fly out, F7 (Flyball, 78M, EV 88.1 MPH)
|
Batting: LHB Ryan Young
|
0-0: Ball 1-0: Called Strike 1-1: Ball 2-1: Fly out, F8 (Flyball, 8LM, EV 80.6 MPH)
|
Bottom of the 1st over - 0 runs, 1 hit, 0 errors, 1 left on base; Winnipeg 0 - York 0 |
TOP OF THE 2ND |
Winnipeg Goldeyes batting - Pitching for York Revolution : LHP Dave Serna
|
Batting: RHB Terry Oetker
|
0-0: Called Strike 0-1: Ball 1-1: Ball 2-1: SINGLE (Groundball, 56D, EV 104.4 MPH)
|
Batting: RHB Alejandro de Jesus
|
0-0: Swinging Strike 0-1: Foul Ball, location: 2F 0-2: Ball 1-2: SINGLE (Line Drive, 56D, EV 97.5 MPH) Terry Oetker to second
|
Batting: RHB Ned Scovell
|
0-0: Ball 1-0: Fielders Choice at 2nd, 6-4 (Groundball, 6, EV 77.5 MPH) Terry Oetker to third
|
Batting: RHB Calvin Day
|
0-0: Ball 1-0: Called Strike 1-1: Ball 2-1: Foul Ball, location: 2F 2-2: Ball 3-2: Base on Balls Ned Scovell to second
|
Batting: RHB Yu-zeng Mai
|
0-0: Ball 1-0: Called Strike 1-1: Swinging Strike 1-2: Ball 2-2: Foul Ball, location: 2F 2-2: Foul Ball, location: 2F 2-2: Fielders Choice at 2nd, 6-4 (Groundball, 6M, EV 83.1 MPH) Terry Oetker scores Ned Scovell to third
|
Batting: RHB Ricky Saucedo
|
0-0: Called Strike 0-1: Foul Ball, location: 2F 0-2: Foul Ball, location: 2F 0-2: Ball 1-2: Strikes out swinging
|
Top of the 2nd over - 1 run, 2 hits, 0 errors, 2 left on base; Winnipeg 1 - York 0 |
BOTTOM OF THE 2ND |
York Revolution batting - Pitching for Winnipeg Goldeyes : RHP Brian Waldrip
|
Batting: RHB Dan Shaffer
|
0-0: Called Strike 0-1: Foul Ball, location: 2F 0-2: Strikes out swinging
|
Batting: LHB Jason Duda
|
0-0: Called Strike 0-1: Ball 1-1: Ground out U3 (Groundball, 34D, EV 105.6 MPH)
|
Batting: LHB Quincy Smart
|
0-0: Ball 1-0: Ball 2-0: Ground out 5-3 (Groundball, 56, EV 82.5 MPH)
|
Bottom of the 2nd over - 0 runs, 0 hits, 0 errors, 0 left on base; Winnipeg 1 - York 0 |
TOP OF THE 3RD |
Winnipeg Goldeyes batting - Pitching for York Revolution : LHP Dave Serna
|
Batting: RHB Mike Berzins
|
0-0: Ground out 4-3 (Groundball, 4, EV 84.4 MPH)
|
Batting: RHB Settan Nakamura
|
0-0: Swinging Strike 0-1: Swinging Strike 0-2: Strikes out swinging
|
Batting: SHB Victor Turrubiate
|
0-0: Fly out, F7 (Flyball, 7, EV 86.9 MPH)
|
Top of the 3rd over - 0 runs, 0 hits, 0 errors, 0 left on base; Winnipeg 1 - York 0 |
BOTTOM OF THE 3RD |
York Revolution batting - Pitching for Winnipeg Goldeyes : RHP Brian Waldrip
|
Batting: SHB Sam Fredrick
|
0-0: Called Strike 0-1: Foul Ball, location: 2F 0-2: Foul Ball, location: 2F 0-2: Ball 1-2: Ball 2-2: Ground out 6-3 (Groundball, 6, EV 78.8 MPH)
|
Batting: LHB Jessie Whedbee
|
0-0: Ball 1-0: Called Strike 1-1: Ball 2-1: Ball 3-1: Foul Ball, location: 2F 3-2: Base on Balls
|
Batting: LHB Mike Hawk
|
0-0: Called Strike 0-1: Swinging Strike 0-2: Ball 1-2: Fly out, F8 (Flyball, 89XD, EV 97.5 MPH)
|
Batting: RHB Teh-huai Jiang
|
0-0: 2-RUN HOME RUN (Line Drive, 7D, EV 98.1 MPH), Distance : 374 ft
|
Batting: RHB Eddie Serna
|
0-0: Ball 1-0: SINGLE (Flyball, 8LS, EV 94.4 MPH)
|
Batting: LHB Ryan Young
|
0-0: Ground out 4-3 (Groundball, 4, EV 86.2 MPH)
|
Bottom of the 3rd over - 2 runs, 2 hits, 0 errors, 1 left on base; Winnipeg 1 - York 2 |
TOP OF THE 4TH |
Winnipeg Goldeyes batting - Pitching for York Revolution : LHP Dave Serna
|
Batting: RHB Terry Oetker
|
0-0: Ball 1-0: Hit by Pitch
|
Pinch Runner at 1st Fernando Membreno:
|
|
Batting: RHB Alejandro de Jesus
|
0-0: Foul Ball, location: 2F 0-1: Foul Ball, location: 2F 0-2: Ball 1-2: Ball 2-2: Foul Ball, location: 2F 2-2: Ball 3-2: Strikes out looking
|
Batting: RHB Ned Scovell
|
0-0: Ball 1-0: Foul Ball, location: 2F 1-1: Fly out, F7 (Flyball, 78M, EV 90.0 MPH)
|
Batting: RHB Calvin Day
|
0-0: Swinging Strike 0-1: Ball 1-1: Foul Ball, location: 2F 1-2: Strikes out swinging
|
Top of the 4th over - 0 runs, 0 hits, 0 errors, 1 left on base; Winnipeg 1 - York 2 |
BOTTOM OF THE 4TH |
York Revolution batting - Pitching for Winnipeg Goldeyes : RHP Brian Waldrip
|
Now at 1B: Fernando Membreno
|
|
Batting: RHB Dan Shaffer
|
0-0: Ball 1-0: Foul Ball, location: 2F 1-1: Ball 2-1: Fly out, F9 (Flyball, 89M, EV 90.0 MPH)
|
Batting: LHB Jason Duda
|
0-0: Fly out, F9 (Flyball, 9, EV 95.0 MPH)
|
Batting: LHB Quincy Smart
|
0-0: SINGLE (Flyball, 8LS, EV 95.6 MPH)
|
Batting: SHB Sam Fredrick
|
0-0: Swinging Strike 0-1: Swinging Strike 0-2: Ball 1-2: Strikes out swinging
|
Bottom of the 4th over - 0 runs, 1 hit, 0 errors, 1 left on base; Winnipeg 1 - York 2 |
TOP OF THE 5TH |
Winnipeg Goldeyes batting - Pitching for York Revolution : LHP Dave Serna
|
Batting: RHB Yu-zeng Mai
|
0-0: Ball 1-0: Ball 2-0: Ground out 6-3 (Groundball, 6, EV 100.0 MPH)
|
Batting: RHB Ricky Saucedo
|
0-0: SINGLE (Groundball, 4D, EV 95.6 MPH)
|
Batting: RHB Mike Berzins
|
0-0: Reached on error, E6 (Groundball, 6, EV 90.0 MPH) Ricky Saucedo to second
|
Batting: RHB Settan Nakamura
|
0-0: Called Strike 0-1: Ball 1-1: Foul Ball, location: 2F 1-2: Ball 2-2: Strikes out swinging
|
Batting: SHB Victor Turrubiate
|
0-0: Ball 1-0: Ground out 4-3 (Groundball, 4D, EV 106.2 MPH)
|
Top of the 5th over - 0 runs, 1 hit, 1 error, 2 left on base; Winnipeg 1 - York 2 |
BOTTOM OF THE 5TH |
York Revolution batting - Pitching for Winnipeg Goldeyes : RHP Brian Waldrip
|
Batting: LHB Jessie Whedbee
|
0-0: Ball 1-0: Ball 2-0: Ball 3-0: Called Strike 3-1: Foul Ball, location: 2F 3-2: Base on Balls
|
Batting: LHB Mike Hawk
|
0-0: Grounds into double play, 4-6-3 (Groundball, 4, EV 88.1 MPH)
|
Batting: RHB Teh-huai Jiang
|
0-0: SINGLE (Groundball, 56D, EV 100.6 MPH)
|
Batting: RHB Eddie Serna
|
0-0: Called Strike 0-1: Called Strike 0-2: Foul Ball, location: 2F 0-2: Foul Ball, location: 2F 0-2: Fly out, F9 (Flyball, 9, EV 96.9 MPH)
|
Bottom of the 5th over - 0 runs, 1 hit, 0 errors, 1 left on base; Winnipeg 1 - York 2 |
TOP OF THE 6TH |
Winnipeg Goldeyes batting - Pitching for York Revolution : LHP Dave Serna
|
Batting: RHB Fernando Membreno
|
0-0: Swinging Strike 0-1: Ball 1-1: SINGLE (Line Drive, 9S, EV 95.0 MPH)
|
Batting: RHB Alejandro de Jesus
|
0-0: Ball 1-0: Ball 2-0: SINGLE (Groundball, 5S, EV 71.2 MPH) (infield hit) Fernando Membreno to second
|
Pitching: RHP Robert Chauvel
|
|
Batting: RHB Ned Scovell
|
0-0: Ball 1-0: Ball Wild Pitch! Fernando Membreno to third Alejandro de Jesus to second 2-0: Called Strike 2-1: Foul Ball, location: 2F 2-2: Ball 3-2: SINGLE (Line Drive, 7S, EV 107.5 MPH) Fernando Membreno scores Alejandro de Jesus to third
|
Batting: RHB Calvin Day
|
0-0: Swinging Strike 0-1: Called Strike 0-2: Strikes out looking
|
Batting: RHB Yu-zeng Mai
|
0-0: 3-RUN HOME RUN (Line Drive, 9D, EV 97.5 MPH), Distance : 376 ft
|
Batting: RHB Ricky Saucedo
|
0-0: Ball 1-0: Called Strike 1-1: Foul Ball, location: 2F 1-2: Ball 2-2: Ball 3-2: Strikes out swinging
|
Batting: RHB Mike Berzins
|
0-0: Ball 1-0: Ball 2-0: Swinging Strike 2-1: Ball 3-1: Swinging Strike 3-2: Foul Ball, location: 2F 3-2: Base on Balls
|
Batting: RHB Settan Nakamura
|
0-0: Ball 1-0: Foul Ball, location: 2F 1-1: Fielders Choice at 2nd, 5-4 (Groundball, 56, EV 85.6 MPH)
|
Top of the 6th over - 4 runs, 4 hits, 0 errors, 1 left on base; Winnipeg 5 - York 2 |
BOTTOM OF THE 6TH |
York Revolution batting - Pitching for Winnipeg Goldeyes : RHP Brian Waldrip
|
Batting: LHB Ryan Young
|
0-0: Ball 1-0: Called Strike 1-1: Ball 2-1: Foul Ball, location: 2F 2-2: Foul Ball, location: 2F 2-2: Ground out 4-3 (Groundball, 4, EV 92.5 MPH)
|
Batting: RHB Dan Shaffer
|
0-0: Ball 1-0: Foul Ball, location: 2F 1-1: Foul Ball, location: 2F 1-2: Foul Ball, location: 2F 1-2: Strikes out swinging
|
Batting: LHB Jason Duda
|
0-0: Ground out 6-3 (Groundball, 6, EV 90.6 MPH)
|
Bottom of the 6th over - 0 runs, 0 hits, 0 errors, 0 left on base; Winnipeg 5 - York 2 |
TOP OF THE 7TH |
Winnipeg Goldeyes batting - Pitching for York Revolution : RHP Robert Chauvel
|
Batting: SHB Victor Turrubiate
|
0-0: Foul Ball, location: 2F 0-1: Ground out 4-3 (Groundball, 4D, EV 106.2 MPH)
|
Batting: RHB Fernando Membreno
|
0-0: Foul Ball, location: 2F 0-1: Foul Ball, location: 2F 0-2: Ball 1-2: Strikes out looking and he physically ARGUES THE CALL AND IS TOSSED!
|
Batting: RHB Alejandro de Jesus
|
0-0: Swinging Strike 0-1: Ground out 5-3 (Groundball, 56S, EV 68.8 MPH)
|
Top of the 7th over - 0 runs, 0 hits, 0 errors, 0 left on base; Winnipeg 5 - York 2 |
BOTTOM OF THE 7TH |
York Revolution batting - Pitching for Winnipeg Goldeyes : RHP Brian Waldrip
|
Now at 1B: Andy Ehrsam
|
|
Batting: LHB Quincy Smart
|
0-0: Foul Ball, location: 2F 0-1: Swinging Strike 0-2: Ball 1-2: Foul Ball, location: 2F 1-2: Ball 2-2: Foul Ball, location: 2F 2-2: Ground out 4-3 (Groundball, 34D, EV 108.1 MPH)
|
Batting: SHB Sam Fredrick
|
0-0: Hit by Pitch
|
Batting: LHB Jessie Whedbee
|
0-0: Called Strike 0-1: Foul Ball, location: 2F 0-2: Ball 1-2: Foul Ball, location: 2F 1-2: Foul Ball, location: 2F 1-2: Ball 2-2: Foul Ball, location: 2F 2-2: Foul Ball, location: 2F 2-2: Foul Ball, location: 2F 2-2: Foul Ball, location: 2F 2-2: Foul Ball, location: 2F 2-2: Ball 3-2: Fly out, F8 (Flyball, 8RD, EV 85.0 MPH)
|
Batting: LHB Mike Hawk
|
0-0: Foul Ball, location: 2F 0-1: Ball 1-1: Ball 2-1: Foul Ball, location: 2F 2-2: Ball 3-2: Strikes out swinging
|
Bottom of the 7th over - 0 runs, 0 hits, 0 errors, 1 left on base; Winnipeg 5 - York 2 |
TOP OF THE 8TH |
Winnipeg Goldeyes batting - Pitching for York Revolution : RHP Robert Chauvel
|
Batting: RHB Ned Scovell
|
0-0: Called Strike 0-1: Ball 1-1: Ball 2-1: Ball 3-1: Base on Balls
|
Pitching: RHP George Crousse
|
|
Batting: RHB Calvin Day
|
0-0: Called Strike 0-1: Foul Ball, location: 2F 0-2: Strikes out swinging
|
Batting: RHB Yu-zeng Mai
|
0-0: Ball Wild Pitch! Ned Scovell to second 1-0: Ball 2-0: Ball 3-0: Called Strike 3-1: Swinging Strike 3-2: Strikes out looking
|
Batting: RHB Ricky Saucedo
|
0-0: Ball 1-0: Ground out 6-3 (Groundball, 56D, EV 77.5 MPH)
|
Top of the 8th over - 0 runs, 0 hits, 0 errors, 1 left on base; Winnipeg 5 - York 2 |
BOTTOM OF THE 8TH |
York Revolution batting - Pitching for Winnipeg Goldeyes : RHP Brian Waldrip
|
Pitching: RHP Curtis Melchert
|
|
Batting: RHB Teh-huai Jiang
|
0-0: Ball 1-0: Called Strike 1-1: Called Strike 1-2: Ball 2-2: Foul Ball, location: 2F 2-2: Strikes out swinging
|
Batting: RHB Eddie Serna
|
0-0: DOUBLE (Line Drive, 9LM, EV 106.9 MPH)
|
Batting: LHB Ryan Young
|
0-0: Called Strike 0-1: Ball 1-1: Called Strike 1-2: Foul Ball, location: 2F 1-2: Ball 2-2: Foul Ball, location: 2F 2-2: SINGLE (Groundball, P, EV 75.6 MPH) (infield hit) Eddie Serna to third
|
Batting: LHB Dennis French
|
0-0: Called Strike 0-1: Ball 1-1: Swinging Strike 1-2: Foul Ball, location: 2F 1-2: Ball 2-2: Ball 3-2: SINGLE (Groundball, 34D, EV 108.8 MPH) Eddie Serna scores Ryan Young to second Runner from 2nd tries for 3rd, SAFE, throw by RF made to third
|
Batting: LHB Jason Duda
|
0-0: Ball 1-0: Grounds into double play, 4-6-3 (Groundball, 4, EV 80.6 MPH)
|
Bottom of the 8th over - 1 run, 3 hits, 0 errors, 1 left on base; Winnipeg 5 - York 3 |
TOP OF THE 9TH |
Winnipeg Goldeyes batting - Pitching for York Revolution : RHP George Crousse
|
Batting: RHB Mike Berzins
|
0-0: Foul Ball, location: 2F 0-1: Foul Ball, location: 2F 0-2: Foul Ball, location: 2F 0-2: Ball 1-2: Ball 2-2: Strikes out swinging
|
Batting: RHB Settan Nakamura
|
0-0: Ball 1-0: Ball 2-0: Ball 3-0: Base on Balls
|
Batting: SHB Victor Turrubiate
|
0-0: Called Strike 0-1: SINGLE (Groundball, 34D, EV 100.6 MPH) Settan Nakamura to second Runner from 2nd tries for 3rd, SAFE, throw by RF made to third
|
Pinch Hitting: LHB Dave Bertheau
|
0-0: Ball 1-0: Swinging Strike 1-1: Foul Ball, location: 2F 1-2: Grounds into double play, 5-4-3 (Groundball, 56S, EV 88.8 MPH)
|
Top of the 9th over - 0 runs, 1 hit, 0 errors, 1 left on base; Winnipeg 5 - York 3 |
BOTTOM OF THE 9TH |
York Revolution batting - Pitching for Winnipeg Goldeyes : RHP Curtis Melchert
|
Now at 1B: Braydon Garland
|
|
Now at 3B: Danny Rodriguez
|
|
Pinch Hitting: RHB Frank Ramirez
|
0-0: Ball 1-0: Ball 2-0: Called Strike 2-1: Foul Ball, location: 2F 2-2: Ball 3-2: Foul Ball, location: 2F 3-2: Base on Balls
|
Batting: SHB Sam Fredrick
|
0-0: Ball 1-0: Foul Ball, location: 2F 1-1: Foul Ball, location: 2F 1-2: Foul Ball, location: 2F 1-2: Ball 2-2: 2-RUN HOME RUN (Flyball, 9LD, EV 93.1 MPH), Distance : 327 ft
|
Batting: LHB Jessie Whedbee
|
0-0: Called Strike 0-1: Ball 1-1: Ball 2-1: Ball 3-1: Base on Balls
|
Pitching: LHP Bryce Alexander
|
|
Batting: LHB Mike Hawk
|
0-0: Bunt - Flyout to 3S! F3
|
Batting: RHB Teh-huai Jiang
|
0-0: Ball 1-0: Ball 2-0: Called Strike 2-1: Foul Ball, location: 2F 2-2: Strikes out looking
|
Batting: RHB Eddie Serna
|
0-0: Called Strike 0-1: Ball 1-1: Swinging Strike 1-2: SINGLE (Groundball, 25, EV 69.4 MPH) (infield hit) Jessie Whedbee to second
|
Batting: LHB Ryan Young
|
0-0: Called Strike 0-1: Swinging Strike 0-2: Strikes out swinging
|
Bottom of the 9th over - 2 runs, 2 hits, 0 errors, 2 left on base; Winnipeg 5 - York 5 |
TOP OF THE 10TH |
Winnipeg Goldeyes batting - Pitching for York Revolution : RHP George Crousse
|
Now at 2B: Bryant Dill
|
|
Pinch Hitting: RHB Mitsuhiro Kobayashi
|
0-0: Ball 1-0: Reached via error on a dropped throw from 2B, E3 (Groundball, 13, EV 80.6 MPH)
|
Pitching: RHP John Kerfoot
|
|
Batting: RHB Ned Scovell
|
0-0: Swinging Strike 0-1: Foul Ball, location: 2F 0-2: Strikes out swinging
|
Batting: RHB Braydon Garland
|
0-0: Foul Ball, location: 2F 0-1: Swinging Strike 0-2: Ball 1-2: Strikes out swinging
|
Batting: RHB Yu-zeng Mai
|
0-0: Ball 1-0: Foul Ball, location: 2F 1-1: Called Strike 1-2: Foul Ball, location: 2LF, Error on foul ball, E2 1-2: Foul Ball, location: 2F 1-2: Fly out, F9 (Flyball, 89M, EV 85.0 MPH)
|
Top of the 10th over - 0 runs, 0 hits, 2 errors, 1 left on base; Winnipeg 5 - York 5 |
BOTTOM OF THE 10TH |
York Revolution batting - Pitching for Winnipeg Goldeyes : LHP Bryce Alexander
|
Now at SS: Itocravo Arrochela
|
|
Batting: RHB Nick Maxwell
|
0-0: Ball 1-0: Foul Ball, location: 2F 1-1: Ball 2-1: Foul Ball, location: 2F 2-2: Ball 3-2: Strikes out swinging
|
Batting: LHB Jason Duda
|
0-0: Ball 1-0: Swinging Strike 1-1: Called Strike 1-2: Strikes out swinging
|
Batting: LHB Bryant Dill
|
0-0: Called Strike 0-1: Ball 1-1: Foul Ball, location: 2F 1-2: Foul Ball, location: 2F 1-2: Strikes out swinging
|
Bottom of the 10th over - 0 runs, 0 hits, 0 errors, 0 left on base; Winnipeg 5 - York 5 |
TOP OF THE 11TH |
Winnipeg Goldeyes batting - Pitching for York Revolution : RHP John Kerfoot
|
Pinch Hitting: SHB Tim Lloyd
|
0-0: Foul Ball, location: 2F 0-1: Ball 1-1: Ground out U3 (Groundball, 34S, EV 65.6 MPH)
|
Batting: RHB Mike Berzins
|
0-0: Ball 1-0: Called Strike 1-1: Ball 2-1: Swinging Strike 2-2: Strikes out swinging
|
Batting: RHB Settan Nakamura
|
0-0: Foul Ball, location: 2F 0-1: Foul Ball, location: 2F 0-2: Strikes out looking
|
Top of the 11th over - 0 runs, 0 hits, 0 errors, 0 left on base; Winnipeg 5 - York 5 |
BOTTOM OF THE 11TH |
York Revolution batting - Pitching for Winnipeg Goldeyes : LHP Bryce Alexander
|
Now at C: Tim Wilton
|
|
Batting: SHB Sam Fredrick
|
0-0: Called Strike 0-1: Ball 1-1: Ball 2-1: Ball 3-1: Called Strike 3-2: Foul Ball, location: 2F 3-2: SINGLE (Groundball, 5D, EV 98.1 MPH)
|
Pinch Hitting: RHB Dan Doggett
|
0-0: Ball 1-0: Ball 2-0: Bunt - Flyout to 23! F3
|
Batting: LHB Mike Hawk
|
0-0: Ball 1-0: Ball 2-0: Foul Ball, location: 2F 2-1: Ball 3-1: Called Strike 3-2: Base on Balls Sam Fredrick to second
|
Pitching: RHP Jason McCaw
|
|
Batting: RHB Teh-huai Jiang
|
0-0: Ball 1-0: Foul Ball, location: 2F 1-1: Foul Ball, location: 2F 1-2: Ball 2-2: Foul Ball, location: 2F 2-2: Foul Ball, location: 2F 2-2: SINGLE (Groundball, 6MD, EV 98.8 MPH) Sam Fredrick to third Mike Hawk to second
|
Batting: RHB Eddie Serna
|
0-0: Foul Ball, location: 2F 0-1: Ball 1-1: Grounds into fielders choice 6-2 (Groundball, 6S, EV 69.4 MPH) Mike Hawk to third Teh-huai Jiang to second
|
Batting: LHB Ryan Young
|
0-0: Ball 1-0: Foul Ball, location: 2F 1-1: Ball 2-1: Foul Ball, location: 2F 2-2: Strikes out swinging
|
Bottom of the 11th over - 0 runs, 2 hits, 0 errors, 3 left on base; Winnipeg 5 - York 5 |
TOP OF THE 12TH |
Winnipeg Goldeyes batting - Pitching for York Revolution : RHP John Kerfoot
|
Now in LF: Ryan Young
|
|
Now in RF: Steve Kirby
|
|
Batting: SHB Victor Turrubiate
|
0-0: Reached on error, E6 (Groundball, 6, EV 84.4 MPH)
|
Pinch Hitting: RHB Gary Smith
|
0-0: Ball 1-0: Ball 2-0: Reached on error, E6 (Groundball, 6M, EV 80.0 MPH) Victor Turrubiate to second
|
Batting: RHB Itocravo Arrochela
|
0-0: Ball 1-0: Called Strike 1-1: Swinging Strike 1-2: Strikes out looking
|
Batting: RHB Ned Scovell
|
0-0: Ball 1-0: Called Strike 1-1: Foul Ball, location: 2F 1-2: Ball 2-2: Fly out, F8 (Flyball, 8RD, EV 92.5 MPH)
|
Batting: RHB Braydon Garland
|
0-0: Ball 1-0: Ball 2-0: Ball 3-0: Base on Balls Victor Turrubiate to third Gary Smith to second
|
Batting: RHB Yu-zeng Mai
|
0-0: Ball 1-0: SINGLE (Groundball, 56, EV 98.1 MPH) (infield hit) Victor Turrubiate scores Gary Smith to third Braydon Garland to second
|
Batting: LHB Tim Wilton
|
0-0: Called Strike 0-1: Ball 1-1: Ball 2-1: Ball 3-1: Foul Ball, location: 2F 3-2: Foul Ball, location: 2F 3-2: Base on Balls Gary Smith scores Braydon Garland to third Yu-zeng Mai to second
|
Batting: RHB Mike Berzins
|
0-0: Ball 1-0: SINGLE (Groundball, 56D, EV 97.5 MPH) Braydon Garland scores Yu-zeng Mai to third Tim Wilton to second Runner from 3rd tries for Home, SAFE, throw by LF to home
|
Pitching: LHP Josh Schmidt
|
|
Batting: RHB Settan Nakamura
|
0-0: Ground out 1-3 (Groundball, 15, EV 65.6 MPH)
|
Top of the 12th over - 4 runs, 2 hits, 2 errors, 2 left on base; Winnipeg 9 - York 5 |
BOTTOM OF THE 12TH |
York Revolution batting - Pitching for Winnipeg Goldeyes : RHP Jason McCaw
|
Now at 3B: Juan Palma
|
|
Batting: RHB Nick Maxwell
|
0-0: Ball 1-0: Foul Ball, location: 2F 1-1: Foul Ball, location: 2F 1-2: Ball 2-2: Ball 3-2: Foul Ball, location: 2F 3-2: Ground out 5-3 (Groundball, 56, EV 104.4 MPH)
|
Batting: LHB Jason Duda
|
0-0: Called Strike 0-1: Ball 1-1: Called Strike 1-2: Ball 2-2: Ball 3-2: Base on Balls
|
Batting: LHB Bryant Dill
|
0-0: Called Strike 0-1: Ball 1-1: Swinging Strike 1-2: SINGLE (Groundball, 6S, EV 73.1 MPH) (infield hit) Jason Duda to second
|
Batting: SHB Sam Fredrick
|
0-0: Ball 1-0: Foul Ball, location: 2F 1-1: Foul Ball, location: 2F 1-2: Ball 2-2: Foul Ball, location: 2F 2-2: Grounds into double play, 4-6-3 (Groundball, 4D, EV 89.4 MPH)
|
Bottom of the 12th over - 0 runs, 1 hit, 0 errors, 1 left on base; Winnipeg 9 - York 5 |
|